Map: Vallée des cactus EC

Players

Nil - Winner!

  • Race: Protoss Protoss

AgCl

  • Race: Zerg Zerg

VOD

Have the link to the VOD?

Description

Time

  • Played on: May 6, 2015, 6:51 p.m.
  • Length: 7:19
Show
View Real Time Build Order
Export as new Build Order

Nil Protoss - Winner!

Build Orders: Nexus First 

Get SALT Encoding   

  12  0:03  Probe  
  13  0:15  Probe  
  13  0:20  Pylon  
  14  0:38  Probe (Chrono Boost)  
  15  0:48  Probe (Chrono Boost)  
  16  0:55  Probe  
  17  1:03  Nexus  
  17  1:13  Gateway  
  17  1:16  Assimilator  
  17  1:19  Probe (Chrono Boost)  
  18  1:30  Probe (Chrono Boost)  
  18  1:32  Pylon  
  19  1:36  Probe  
  20  1:44  Assimilator  
  20  1:49  Probe (Chrono Boost)  
  21  2:00  Cybernetics Core  
  21  2:01  Probe (Chrono Boost)  
  22  2:08  Probe (Chrono Boost)  
  23  2:11  Zealot (Chrono Boost)  
  25  2:18  Probe  
  26  2:30  Probe x2  
  28  2:38  Stargate  
  28  2:43  Probe (Chrono Boost)  
  29  2:51  Mothership Core (Chrono Boost)  
  30  3:01  Probe (Chrono Boost)  
  30  3:06  Probe, Pylon  
  31  3:15  Pylon  
  31  3:17  Probe  
  31  3:18  Probe  
  33  3:28  Pylon  
  33  3:29  Probe  
  33  3:33  Probe  
  35  3:34  Pylon  
  35  3:38  Stalker, Warp Gate (Chrono Boost)  
  37  3:42  Probe  
  37  3:45  Pylon  
  37  3:47  Probe  
  33  4:03  Probe x2 (Chrono Boost)  
  35  4:10  Oracle (Chrono Boost)  
  35  4:15  Probe x2 (Chrono Boost)  
  40  4:19  Pylon  
  40  4:22  Forge  
  40  4:23  Probe  
  40  4:24  Probe  
  42  4:28  Gateway  
  42  4:31  Gateway  
  42  4:35  Probe  
  42  4:36  Probe  
  42  4:38  Gateway  
  44  4:48  Probe x2  
  45  5:07  Probe x2  
  47  5:17  Pylon  
  47  5:19  Probe x2  
  46  5:22  Void Ray (Chrono Boost)  
  50  5:45  Photon Cannon  
  50  5:48  Probe x2  
  52  5:56  Zealot x2  
  56  6:09  Probe (Chrono Boost)  
  58  6:14  Pylon  
  58  6:15  Probe (Chrono Boost)  
  58  6:23  Assimilator  
  58  6:27  Assimilator  
  58  6:31  Photon Cannon  
  58  6:32  Probe x2  
  60  6:37  Pylon  
  60  6:38  Zealot x3  
  60  6:39  Zealot  
  68  6:47  Probe x2  
  70  6:59  Probe x2  
Show
View Real Time Build Order
Export as new Build Order

AgCl Zerg 

Build Orders: Pool First 

Get SALT Encoding   

  12  0:19  Spawning Pool  
  11  0:22  Drone  
  11  0:26  Drone  
  13  0:31  Extractor  
  13  0:33  Drone  
  13  0:39  Drone  
  14  0:49  Overlord  
  14  1:08  Queen  
  16  1:13  Zergling x4  
  18  1:25  Drone  
  19  1:41  Extractor  
  18  1:49  Burrow  
  18  1:53  Zergling x6  
  20  2:45  Hatchery  
  19  2:58  Drone x3  
  21  3:32  Lair  
  21  3:36  Metabolic Boost  
  21  3:44  Evolution Chamber, Drone  
  21  4:05  Zergling x14  
  21  4:07  Overlord x3  
  28  4:11  Zerg Melee Weapons Level 1  
  28  4:30  Pneumatized Carapace  
  16  5:17  Spore Crawler  
  16  5:20  Queen  
  18  5:21  Drone x4  
  19  6:10  Drone x2  
  21  6:38  Drone x2  
  21  6:39  Drone x2  
  25  6:48  Drone  
Tags
 
Add a new tag
Caveats
  • Supply blocks, unpowered buildings, or Contaminate may cause inaccurate times.
  • Supply counts are checked every 10 seconds.